Unix NetHack Version 5.0.0-0 post-release - last build Jun 10 2026 00:39:30 (3ee93aec679c4c4259841fe613dc97188e26a321,branch:main).

Game began 2026-07-02 23:42:35, ended 2026-07-03 20:18:08.

ARFwashere, neutral male human Archeologist

                                    @



                                    G

ARFwashere the Field Worker  St:12 Dx:12 Co:11 In:16 Wi:13 Ch:11  Neutral
Dlvl:5  $:115 HP:0(21) Pw:11(11) AC:8  Xp:3 T:1485  Hungry   Burdened

Latest messages:
 You have a little trouble lifting e - a +0 pick-axe.
 Your movements are slowed slightly because of your load.
 What do you want to wield? [- ae or ?*] e
 e - a +0 pick-axe (weapon in right hand).
 You hear a door open.
 Your pick-axe slips from your hand.
 Your movements are now unencumbered.
 You have a little trouble lifting a +0 pick-axe.  Continue? [ynq] (q) y
 You have a little trouble lifting e - a +0 pick-axe.
 Your movements are slowed slightly because of your load.
 What do you want to wear? [*] <enter>
 Never mind.
 What do you want to wield? [- ae or ?*] e
 e - a +0 pick-axe (weapon in right hand).
 You hear the footsteps of a guard on patrol.
 The kobold zombie hits!
 You destroy the kobold zombie!
 You have a little trouble lifting $ - 11 gold pieces (115 in total).
 You are beginning to feel hungry.
 The hobbit shoots a rock!
 You are hit by a rock.
 The hobbit shoots a rock!
 You are hit by a rock.
 The hobbit is almost hit by an arrow!
 The hobbit picks up an arrow.
 The hobbit swings her sling.
 The hobbit hits!
 You hit the hobbit!
 The hobbit turns to flee.
 Really step onto that arrow trap? [yn] (n) n
 The hobbit shoots a rock!
 You are hit by a rock.
 There is a staircase down here.
 You see here a rock.
 The hobbit shoots a rock!
 You are hit by a rock.
 The rock hits another object and falls down the stairs.
 The hobbit shoots a rock!
 You are hit by a rock.
 You hear the howling of the CwnAnnwn...
 The rock hits another object and falls down the stairs.
 From the impact, the other object falls.
 You can't go up here.
 You fall down the stairs.
 You die...
 Do you want your possessions identified? [ynq] (y) y
 Do you want to see your attributes? [ynq] (y) n
 Do you want an account of creatures vanquished? [ynaq] (y) n
 Do you want to see your conduct and achievements? [ynq] (y) n
 Do you want to see the dungeon overview? [ynq] (y) n

Inventory:
 Coins    ('$')
  $ - 115 gold pieces
 Weapons  (')')
  a - a +2 bullwhip
 Armor    ('[')
  C - an uncursed +0 helm of telepathy (being worn)
  b - an uncursed +0 leather jacket (being worn)
 Comestibles  ('%')
  d - 5 uncursed food rations
  A - 2 uncursed tripe rations
  x - 2 cursed tins of spinach
 Scrolls  ('?')
  t - an uncursed scroll of gold detection
  k - a cursed scroll of identify
  q - 2 uncursed scrolls of light
  u - a cursed scroll of remove curse
  l - an uncursed scroll of scare monster
  p - an uncursed scroll of teleportation
 Potions  ('!')
  G - an uncursed potion of monster detection
  F - a blessed potion of paralysis
  n - a blessed potion of sleeping
  j - an uncursed potion of water
 Rings    ('=')
  v - an uncursed ring of conflict
  m - a cursed -1 ring of gain constitution
  D - a blessed +1 ring of gain strength
 Tools    ('(')
  h - an empty uncursed sack
  s - a bag of tricks (0:9)
  w - an uncursed magic whistle
  i - an uncursed oil lamp
  e - a +0 pick-axe (weapon in right hand)
  f - a tinning kit (0:39)
 Gems/Stones  ('*')
  g - an uncursed touchstone

ARFwashere the Archeologist's attributes:

Background:
 You were a Field Worker, a level 3 male human Archeologist.
 You were neutral, nominally on a mission for Camaxtli
 who was opposed by Quetzalcoatl (lawful) and Huhetotl (chaotic).
 You were right-handed.
 You were in the Gnomish Mines, on level 5.
 You entered the dungeon 1485 turns ago.
 You had 41 experience points, 39 more were needed to attain level 4.

Basics:
 You had 0 out of 21 hit points.
 You had all 11 energy points (spell power).
 Your armor class was 8.
 Your wallet contained 115 zorkmids.
 Autopickup was on for '$' plus thrown.

Final Characteristics:
 Your strength was 12 (limit:18/100).
 Your dexterity was 12 (limit:18).
 Your constitution was 11 (limit:18).
 Your intelligence was 16 (limit:18).
 Your wisdom was 13 (limit:18).
 Your charisma was 11 (limit:18).

Final Status:
 You were hungry.
 You were burdened; movement was slightly slowed.
 You were wielding a pick-axe.
 You had basic skill with pick-axe.

Final Attributes:
 You were devoutly aligned.
 You were telepathic.
 You had automatic searching.
 You are dead.

Miscellaneous:
 You didn't encounter any bones levels.
 Total elapsed playing time was 41 minutes and 32 seconds.

Major events:
 Turn
    1: ARFwashere the neutral male human Archeologist entered the dungeon
 1367: attained the rank of Field Worker (level 3)
 1485: killed by tumbling down a flight of stairs

You didn't know any spells.

Skills:
 Fighting Skills
   bare handed combat [Unskilled]
   two weapon combat  [Unskilled]
   riding             [Unskilled]
 Weapon Skills
   dagger             [Unskilled]
   knife              [Unskilled]
   pick-axe           [Basic]
   short sword        [Unskilled]
   saber              [Unskilled]
   club               [Unskilled]
   quarterstaff       [Unskilled]
   sling              [Unskilled]
   dart               [Unskilled]
   boomerang          [Unskilled]
   whip               [Basic]
   unicorn horn       [Unskilled]
 Spellcasting Skills
   attack spells      [Unskilled]
   healing spells     [Unskilled]
   divination spells  [Unskilled]
   matter spells      [Unskilled]

Voluntary challenges:
 Character rerolling was not enabled.
 You were an atheist.
 You never genocided any monsters.
 You never polymorphed an object.
 You never changed form.
 You used no wishes.
Achievements:
 You entered a shop.
 You attained the rank of Field Worker.

 The Dungeons of Doom: levels 1 to 5
    Level 1:
    Level 2:
       A general store, some fountains.
    Level 3:
    Level 4:
       A fountain.
       Stairs down to The Gnomish Mines.
    Level 5:
 The Gnomish Mines:
    Level 5: <- You were here.
       Final resting place for
          you, killed by tumbling down a flight of stairs.


Vanquished creatures:
  2 giant rats
  6 jackals
  3 foxes
  a kobold
  2 sewer rats
  2 grid bugs
  3 lichens
  2 kobold zombies
  3 newts
24 creatures vanquished.

No species were genocided or became extinct.

Game over:
                       ----------
                      /          \
                     /    REST    \
                    /      IN      \
                   /     PEACE      \
                  /                  \
                  |    ARFwashere    |
                  |      115 Au      |
                  |    killed by     |
                  | tumbling down a  |
                  | flight of stairs |
                  |                  |
                  |       2026       |
                 *|     *  *  *      | *
        _________)/\\_//(\/(/\)/\//\/|_)_______

Goodbye ARFwashere the Archeologist...

You died in The Gnomish Mines on dungeon level 5 with 468 points,
and 115 pieces of gold, after 1485 moves.
You were level 3 with a maximum of 21 hit points when you died.

